Map: Traitor's Exile

Players

Buried

  • Race: Zerg Zerg
  • League: Diamond
  • Spawn Location: 9:00

XeLa

  • Race: Terran Terran
  • League: Master
  • Spawn Location: 12:00

PureLegacy - Winner!

  • Race: Terran Terran
  • Spawn Location: 6:00

Edudlufetips - Winner!

  • Race: Zerg Zerg
  • Spawn Location: 5:00

VOD

Have the link to the VOD?

Description

Time

  • Played on: Nov. 27, 2018, 7:39 p.m.
  • Length: 10:10
Show
View Real Time Build Order
Export as new Build Order

Buried Zerg 

Build Orders: Hatch First 

Get SALT Encoding   

  12  0:01  Drone  
  13  0:13  Overlord  
  13  0:18  Drone  
  14  0:31  Drone x2  
  16  0:36  Drone  
  17  0:56  Drone, Hatchery  
  17  1:03  Extractor  
  16  1:05  Drone  
  17  1:16  Spawning Pool  
  16  1:19  Drone  
  16  1:25  Drone  
  18  1:29  Drone  
  19  1:40  Overlord  
  19  1:52  Drone  
  20  2:02  Queen  
  20  2:03  Metabolic Boost  
  20  2:08  Queen  
  24  2:11  Drone  
  24  2:14  Drone  
  26  2:18  Drone  
  27  2:23  Drone  
  27  2:25  Drone  
  29  2:45  Spine Crawler  
  29  2:48  Zergling x2  
  29  2:49  Zergling x6  
  29  3:06  Spine Crawler  
  26  3:18  Zergling x4  
  26  3:20  Spine Crawler  
  26  3:21  Zergling x4  
  26  3:22  Zergling x10  
  26  3:24  Zergling x4  
  32  3:30  Zergling x2  
  31  3:35  Zergling x2  
  24  3:45  Zergling x2  
  24  3:46  Zergling x2  
  21  3:51  Drone  
  21  3:55  Drone  
  23  4:07  Drone x2  
  25  4:18  Drone x2  
  23  4:25  Drone  
  23  4:28  Drone  
  18  4:35  Drone  
  18  4:40  Queen  
  18  4:42  Drone  
  21  4:46  Drone  
  21  4:50  Zergling x2  
  23  4:55  Zergling x2  
  23  4:59  Zergling x2  
  25  5:10  Spine Crawler  
  25  5:12  Drone  
  25  5:13  Drone  
  26  5:19  Drone  
  25  5:22  Drone, Queen  
  28  5:32  Baneling Nest  
  28  5:35  Drone x2  
  29  5:38  Queen  
  31  5:47  Zergling x4  
  30  5:52  Zergling x6  
  22  5:58  Zergling x2  
  23  6:08  Zergling x4  
  23  6:19  Drone x2  
  25  6:27  Drone x2  
  27  6:35  Drone  
  27  6:36  Drone x3  
  31  6:42  Drone  
  31  6:44  Baneling  
  31  6:46  Drone  
  33  6:50  Baneling  
  33  6:53  Drone x2  
  35  6:55  Overlord  
  35  7:15  Drone x5  
  38  7:16  Drone x2  
  42  7:27  Drone  
  43  7:31  Overlord  
  43  7:39  Spine Crawler  
  43  7:42  Spore Crawler, Drone x2  
  43  7:48  Queen  
  45  7:54  Drone x2  
  45  7:55  Drone x2  
  49  7:59  Zergling x2  
  49  8:07  Zergling x4  
  34  8:20  Zergling x12  
  34  8:21  Zergling x2  
  40  8:30  Baneling x4  
  40  8:31  Drone  
  41  8:37  Drone  
  42  8:44  Overlord  
  42  8:48  Drone  
  43  9:01  Drone  
  43  9:02  Overlord, Queen  
  44  9:04  Drone x4  
  50  9:12  Queen  
  50  9:13  Overlord  
  52  9:26  Drone x3  
  47  9:39  Zergling x4  
  47  9:44  Zergling x6  
  52  9:50  Extractor  
Show
View Real Time Build Order
Export as new Build Order

XeLa Terran 

Build Orders: Hellion Opening, Mech 

Get SALT Encoding   

  12  0:01  SCV  
  13  0:13  SCV  
  14  0:19  Supply Depot  
  14  0:25  SCV  
  15  0:29  Refinery  
  15  0:41  SCV  
  16  0:46  Barracks  
  16  0:53  SCV  
  16  0:57  Refinery  
  17  1:05  SCV  
  18  1:17  SCV  
  19  1:29  SCV  
  20  1:33  Reaper  
  20  1:36  Factory  
  21  1:41  Orbital Command  
  21  1:50  Supply Depot  
  21  2:06  Reaper  
  21  2:07  Factory  
  22  2:21  Hellion  
  24  2:25  SCV  
  25  2:40  SCV  
  25  2:43  Hellion  
  25  2:44  Barracks Reactor  
  28  2:49  Supply Depot  
  28  2:53  Hellion  
  28  2:54  SCV  
  31  3:11  Hellion  
  30  3:14  Hellion  
  32  3:32  Hellion  
  30  3:35  Hellion  
  30  3:37  Reaper x2  
  30  3:38  SCV  
  34  3:50  SCV  
  34  3:54  Hellion  
  37  3:57  Hellion  
  39  4:15  Reaper x2, Hellion  
  43  4:18  Hellion  
  41  4:37  Hellion  
  39  4:39  Hellion  
  35  4:46  Factory  
  35  4:58  Hellion  
  35  5:01  Hellion  
  33  5:19  Hellion  
  33  5:20  Reaper x2  
  31  5:22  Hellion  
  33  5:35  Hellion  
  35  5:38  Command Center  
  35  5:41  Hellion  
  37  5:44  Hellion  
  39  6:02  Hellion  
  35  6:05  Hellion  
  37  6:15  Hellion  
  37  6:16  SCV  
  37  6:17  Reaper  
  43  6:28  SCV  
  42  6:35  Factory Tech Lab  
  42  6:36  Hellion  
  42  6:38  Factory Tech Lab  
  40  6:41  Armory  
  40  6:50  Orbital Command  
  40  6:52  SCV  
  41  6:55  Refinery  
  41  6:58  Factory Tech Lab  
  41  6:59  Siege Tank  
  44  7:04  Refinery, SCV  
  45  7:15  Starport  
  45  7:16  SCV  
  45  7:18  SCV  
  47  7:25  Siege Tank  
  47  7:28  SCV  
  51  7:30  SCV  
  52  7:40  SCV  
  52  7:43  SCV  
  54  7:52  SCV  
  54  7:55  SCV  
  54  7:56  Thor  
  62  8:13  Supply Depot  
  62  8:19  SCV  
  62  8:27  Siege Tank  
  62  8:33  Command Center  
  62  8:34  Thor  
  62  8:35  Starport Reactor, SCV  
  62  8:40  Starport  
  69  8:41  Siege Tank  
  69  8:45  SCV  
  69  8:47  SCV  
  74  8:57  SCV  
  74  8:59  SCV  
  76  9:05  Starport  
  76  9:09  SCV  
  77  9:18  Supply Depot  
  76  9:25  Siege Tank  
  76  9:29  Siege Tank  
Show
View Real Time Build Order
Export as new Build Order

PureLegacy Terran - Winner!

Build Orders:  

Get SALT Encoding   

  12  0:01  SCV  
  13  0:13  SCV  
  14  0:18  Supply Depot  
  14  0:26  SCV  
  15  0:30  Refinery  
  15  0:40  SCV  
  16  0:47  Barracks  
  16  0:52  SCV  
  17  1:05  Barracks  
  17  1:18  Barracks  
  17  1:24  SCV  
  18  1:36  Reaper  
  19  1:40  Orbital Command  
  19  1:48  Refinery  
  19  1:53  Reaper  
  20  2:00  Supply Depot  
  20  2:07  Reaper  
  21  2:15  SCV  
  22  2:20  Reaper  
  23  2:23  Supply Depot  
  23  2:33  Reaper  
  23  2:36  SCV  
  25  2:39  Reaper  
  26  2:48  SCV  
  27  2:55  Reaper  
  28  3:12  Reaper  
  29  3:22  Command Center  
  29  3:23  Reaper  
  29  3:25  SCV  
  28  3:35  Reaper  
  28  3:37  SCV  
  30  3:48  Reaper  
  31  3:49  SCV  
  31  3:52  Barracks  
  31  3:53  Barracks  
  32  4:02  Reaper  
  32  4:03  SCV  
  32  4:07  Supply Depot  
  32  4:09  Reaper  
  34  4:20  Reaper  
  34  4:34  Reaper  
  33  4:41  Reaper x2  
  33  4:42  Reaper  
  33  4:43  SCV  
  37  4:55  SCV  
  38  5:06  Barracks Tech Lab  
  38  5:08  SCV x2  
  37  5:24  Marine  
  37  5:25  Marine x2  
  37  5:26  Marine, Stimpack, Marauder  
  43  5:28  Orbital Command  
  43  5:29  SCV  
  43  5:32  Factory  
  43  5:34  Bunker  
  44  5:42  SCV  
  45  5:51  Marine x3  
  48  6:04  Marine x2  
  46  6:09  Marine  
  42  6:11  SCV  
  42  6:12  SCV  
  42  6:15  Engineering Bay x2  
  42  6:17  Supply Depot  
  42  6:18  Factory Reactor, Starport  
  44  6:23  SCV  
  44  6:24  Marine x3, SCV  
  49  6:31  Marine x2  
  51  6:36  SCV x2  
  53  6:43  Supply Depot  
  53  6:44  Terran Infantry Armor Level 1, Terran Infantry Weapons Level 1  
  53  6:48  SCV x2  
  55  6:59  Refinery  
  55  7:00  Refinery, SCV x2  
  57  7:05  Medivac x2  
  61  7:09  Supply Depot  
  61  7:11  Marine  
  61  7:13  SCV x2  
  68  7:21  Barracks Reactor  
  68  7:22  Barracks Tech Lab x3  
  64  7:27  Supply Depot  
  64  7:28  Supply Depot  
  64  7:32  Marauder  
  64  7:33  Concussive Shells  
  66  7:42  Marauder x3, Combat Shield  
  72  7:59  Command Center  
  72  8:00  Supply Depot, SCV x2  
  72  8:07  Marauder x2  
  75  8:16  Medivac x2  
  79  8:25  Marine, Marauder x2  
  79  8:26  Marine  
  84  8:32  Armory, SCV x2, Supply Depot  
  86  8:44  SCV x2  
  86  8:45  Supply Depot  
  86  8:48  Marauder x2  
  92  8:49  Marauder x2  
  92  8:52  Medivac x2  
  100  8:56  SCV x2  
  100  9:02  Marine x2  
  104  9:08  SCV  
  105  9:11  Supply Depot, Marauder  
  105  9:12  Marauder  
  109  9:19  SCV  
  109  9:20  SCV  
  109  9:23  Marine x2  
  109  9:24  Marine  
  106  9:40  Marine, Marauder x2  
  106  9:41  Marine  
  114  9:50  Barracks  
  114  9:51  Barracks x2  
  114  9:53  SCV x2  
  123  10:07  Supply Depot  
  123  10:08  Supply Depot  
Show
View Real Time Build Order
Export as new Build Order

Edudlufetips Zerg - Winner!

Build Orders: Pool First 

Get SALT Encoding   

  12  0:02  Drone  
  13  0:13  Overlord  
  13  0:18  Drone  
  14  0:21  Extractor  
  14  0:26  Drone  
  14  0:36  Drone x2  
  16  0:52  Spawning Pool  
  16  0:55  Drone  
  16  0:59  Drone  
  17  1:10  Drone  
  18  1:18  Overlord  
  18  1:39  Hatchery  
  17  1:42  Metabolic Boost  
  17  1:46  Zergling x2  
  18  1:57  Zergling x4  
  20  2:06  Zergling x2  
  21  2:25  Queen, Zergling x2  
  21  2:28  Zergling x2  
  25  2:39  Zergling x2  
  26  2:59  Zergling x4  
  26  3:00  Zergling x2  
  28  3:19  Zergling x8  
  31  3:24  Zergling x2  
  26  3:45  Zergling x8  
  26  3:48  Spine Crawler  
  27  3:52  Queen x2  
  31  4:10  Zergling x4  
  31  4:11  Zergling x2  
  34  4:20  Spine Crawler  
  24  4:40  Drone  
  24  4:41  Drone x5  
  30  4:54  Drone  
  30  4:55  Roach Warren, Extractor  
  30  4:56  Drone x2  
  31  5:00  Extractor  
  31  5:04  Zergling x4  
  30  5:10  Lair  
  30  5:15  Drone x2  
  31  5:21  Evolution Chamber  
  31  5:22  Evolution Chamber  
  31  5:24  Drone x3  
  32  5:29  Drone  
  32  5:30  Drone  
  32  5:34  Overlord  
  32  5:35  Overlord  
  34  5:42  Spore Crawler  
  33  5:48  Roach  
  35  5:51  Drone  
  36  5:59  Spore Crawler  
  36  6:03  Roach x3  
  41  6:11  Glial Reconstitution  
  40  6:18  Roach x2  
  43  6:25  Zerg Missile Weapons Level 1  
  43  6:26  Ravager  
  44  6:43  Ravager  
  44  6:44  Drone x3  
  44  6:45  Drone  
  44  6:46  Drone x3  
  52  6:49  Overlord  
  52  7:05  Overlord  
  52  7:16  Zerg Ground Armor Level 1  
  52  7:18  Hatchery  
  51  7:23  Drone  
  51  7:24  Drone x2  
  54  7:34  Drone x2  
  56  7:38  Roach x3  
  62  7:50  Roach  
  62  7:51  Roach x2  
  68  8:03  Hydralisk Den  
  67  8:18  Ravager  
  68  8:20  Overlord x3  
  68  8:21  Overseer  
  68  8:27  Spore Crawler  
  68  8:31  Drone x2  
  68  8:32  Drone  
  70  8:35  Hydralisk, Lurker Den  
  70  8:36  Extractor  
  70  8:50  Drone x3  
  70  8:51  Drone  
  70  8:52  Drone x3  
  77  8:56  Drone x4  
  77  8:57  Drone x3  
  84  9:10  Hydralisk  
  84  9:14  Spore Crawler  
Tags
 
Add a new tag
Caveats
  • Supply blocks, unpowered buildings, or Contaminate may cause inaccurate times.
  • Supply counts are checked every 10 seconds.